 Dungeon Crawl Stone Soup version 0.26-a0-611-g354ed81502 (webtiles) character file.

Game seed: 8504111381698645913

3 Masnef the Sneak (level 1, -1/10 HPs)
             Began as a Kobold Enchanter on Sept 6, 2020.
             Slain by a hobgoblin
             ... wielding a cursed +0 club
              (4 damage)
             ... on level 1 of the Dungeon.
             The game lasted 00:01:19 (281 turns).

Masnef the Sneak (Kobold Enchanter)                  Turns: 281, Time: 00:01:20

Health: -1/10      AC:  2    Str:  5    XL:     1   Next: 55%
Magic:  0/3        EV: 15    Int: 16    God:
Gold:   0          SH:  0    Dex: 15    Spells: 3/4 levels left

rFire    . . .     SeeInvis .   a - +1 dagger
rCold    . . .     Faith    .   (shield restricted)
rNeg     . . .     Spirit   .   b - +0 robe
rPois    .         Reflect  .   (no helmet)
rElec    .         Harm     .   (no cloak)
rCorr    .                      (no gloves)
MR       .....                  (no boots)
Stlth    ++++......             (no amulet)
HPRegen  0.03/turn              (no ring)
MPRegen  0.08/turn              (no ring)

@: no status effects
A: small, nightstalker 3
a: no special abilities


You were on level 1 of the Dungeon.
You visited 1 branch of the dungeon, and saw 1 of its levels.

Inventory:

Hand Weapons
 a - a +1 dagger (weapon)
Armour
 b - a +0 robe (worn)
Scrolls
 c - a scroll of random uselessness {unknown}
 d - a scroll of blinking {unknown}
 e - a scroll of remove curse {unknown}


   Skills:
 + Level 1.5 Short Blades
 + Level 2.4 Dodging
 + Level 4.1 Stealth
 + Level 2.3 Spellcasting
 + Level 3.0 Hexes


You had 3 spell levels left.
You knew the following spells:

 Your Spells              Type           Power        Failure   Level
a - Corona                Hex            ##.....      6%          1

Your spell library contained the following spells:

 Spells                   Type           Power        Failure   Level
 Ensorcelled Hibernation  Hex/Ice        #.....       17%         2
 Confusing Touch          Hex            ##......     17%         3
 Tukima's Dance           Hex            ##......     17%         3
 Dazzling Flash           Conj/Hex       #.....       32%         3


Dungeon Overview and Level Annotations

Branches:
Dungeon (1/15)

Altars:


Innate Abilities, Weirdness & Mutations

You are small and have problems with some larger weapons.
You are completely attuned to the shadows.


Message History

Casting: Corona (safe; 6% risk of failure)
Confirm with . or Enter, or press ? or * to list all spells.
Aiming: Corona (safe; 6% risk of failure)
Press: ? - help, Shift-Dir - straight line, f/p - hobgoblin
Aim: a hobgoblin, wielding a +0 club (chance to defeat MR: 64%)
The hobgoblin barely resists.
The hobgoblin closely misses you.
Unknown command.
Unknown command.
You are too injured to fight recklessly!
You are too injured to fight recklessly!
You are too injured to fight recklessly!
You are too injured to fight recklessly!
Casting: Corona (safe; 6% risk of failure)
Confirm with . or Enter, or press ? or * to list all spells.
Aiming: Corona (safe; 6% risk of failure)
Press: ? - help, Shift-Dir - straight line, f/p - hobgoblin
Aim: a hobgoblin, wielding a +0 club (chance to defeat MR: 64%)
The hobgoblin is outlined in light.
The hobgoblin hits you with a cursed +0 club.
You die...

.#####..........
####
.......##..#....
#....##..#.....
##..###.###..#
##.## ## .# #..#
###.#######
............
.#####@.....
#g...# ####....#
.. ........#
#.#####....#
##.#.......)#
#.$..##..#### ..
#.#.###.## #..
#.#.....#


You could see a hobgoblin (corona).

Vanquished Creatures
  A goblin (D:1)
  A hobgoblin (D:1)
  A rat (D:1)
3 creatures vanquished.

Notes
Turn   | Place    | Note
-------+----------+-------------------------------------------
     0 | D:1      | Masnef the Kobold Enchanter began the quest for the Orb.
     0 | D:1      | Reached XP level 1. HP: 10/10 MP: 3/3
   281 | D:1      | Slain by a hobgoblin

Illustrated notes

Levels and vault maps discovered:
D:1:      elethiomel_arrival_infinity_welcomes_careful_drivers, layout_rooms,
          cheibriados_altar_1

Action                   || total
-------------------------++-------
Melee: Dagger            ||    11
 Cast: Corona            ||     3
Armor: Robe              ||     1
Dodge: Dodged            ||     6

Table legend: (Time is in decaauts)
 A = Elapsed time spent in this place.
 B = Non-inter-level travel time spent in this place.
 C = Inter-level travel time spent in this place.
 D = Time resting spent in this place.
 E = Time spent auto-exploring this place.
 F = Levels seen in this place.
 G = Mean time per level.
                   A        B        C        D        E       F      G
               +--------+--------+--------+--------+--------+-----+--------+
         Total |    280 |    280 |      0 |      0 |    224 |   1 |  280.0 |
       Dungeon |    280 |    280 |      0 |      0 |    224 |   1 |  280.0 |
               +--------+--------+--------+--------+--------+-----+--------+

Top non-repeatable levels by time:
     D:1: 280 daAuts
